 Dungeon Crawl Stone Soup version 0.30.1 (webtiles) character file.

Game seed: 17426979381430513426

9597 javelincjr the Summoner (level 11, -2/85 HPs)
             Began as a Gnoll Summoner on July 11, 2023.
             Was a Believer of Ashenzari.
             Killed from afar by an electric eel (14 damage)
             ... with a bolt of electricity
             ... in a bailey.
             The game lasted 00:49:17 (10097 turns).

javelincjr the Summoner (Gnoll Summoner)           Turns: 10097, Time: 00:49:17

Health: -2/85      AC: 16    Str:  9    XL:     11   Next: 49%
Magic:  21/33      EV: 17    Int: 18    God:    Ashenzari [**....]
Gold:   501        SH:  0    Dex: 20    Spells: 14/29 levels left

rFire   . . .        h - +3 trident of Apeoromancy {drain, rC+ Str+2, Self, Melee} (curse)
rCold   + . .        v - orb {light}
rNeg    . . .        Q - +0 acid dragon scales
rPois   .            n - +2 helmet
rElec   .            l - +0 cloak
rCorr   +            (no gloves)
SInv    +            L - +2 pair of boots of Cremastomancy {Cun, Bglg} (curse)
Will    .....        (no amulet)
Stlth   ++           d - ring "Thunder Perfect Mind" {Dex+6, Melee, Fort} (curse)
HPRegen 0.34/turn    r - ring of the Astral Sage {MP+9, Alch, Comp} (curse)
MPRegen 0.23/turn

%: no passive effects
@: glowing, studying Dodging
A: fangs 1, strong nose, distributed training
a: Renounce Religion, Shatter the Chains


You were in a bailey.
You worshipped Ashenzari.
Ashenzari was pleased with you.
You visited 1 branch of the dungeon, and saw 9 of its levels.
You also visited: Sewer and Bailey.

You collected 501 gold pieces.

Inventory:

Hand Weapons
 h - the cursed +3 trident of Apeoromancy (weapon) {drain, rC+ Str+2, Self, Melee}
   (You found it on level 6 of the Dungeon)

   Str:       It affects your strength (+2).
   rC:        It protects you from cold.
   It has a curse which improves the following skills: Introspection: Fighting
   and Spellcasting.
   Melee Combat: Short Blades, Long Blades, Axes, Maces & Flails, Polearms,
   Staves and Unarmed Combat.
 B - a +2 dagger of protection
 P - a +2 scimitar of holy wrath
 T - a +3 glaive
 X - a +6 hand axe
Armour
 l - a +0 cloak (worn)
 n - a +2 helmet (worn)
 v - an orb of light (worn)
 y - a +0 robe of willpower
 D - an orb of wrath
 L - the cursed +2 pair of boots of Cremastomancy (worn) {Cun, Bglg}
   (You found it on level 5 of the Dungeon)

   It has a curse which improves the following skills: Cunning: Dodging and
   Stealth.
   Beguiling: Conjurations, Hexes and Translocations.
 Q - +0 acid dragon scales (worn)
 R - a +1 leather armour of cold resistance
 U - a +0 kite shield
 Y - the +6 plate armour of the Peculiar Xenops {*Corrode Fly rC+ Str+3}
   (You found it in a bailey)

   Str:       It affects your strength (+3).
   rC:        It protects you from cold.
   Fly:       It grants you flight.
   *Corrode:  It may corrode you when you take damage.
 Z - a +2 hat
Magical Staves
 I - a staff of cold
Jewellery
 d - the cursed ring "Thunder Perfect Mind" (left hand) {Dex+6, Melee, Fort}
   (You found it on level 1 of the Dungeon)

   [ring of dexterity]

   Dex:       It affects your dexterity (+6).
   It has a curse which improves the following skills: Melee Combat: Short
   Blades, Long Blades, Axes, Maces & Flails, Polearms, Staves and Unarmed
   Combat.
   Fortitude: Armour and Shields.
 r - the cursed ring of the Astral Sage (right hand) {MP+9, Alch, Comp}
   (You found it on level 2 of the Dungeon)

   [ring of magical power]

   MP:        It affects your magic capacity (+9).
   It has a curse which improves the following skills: Alchemy: Poison Magic and
   Transmutations.
   Companions: Summonings and Necromancy.
 V - a ring of positive energy
Wands
 O - a wand of flame (23)
Scrolls
 a - a scroll of fog
 m - 6 scrolls of teleportation
 q - 6 scrolls of identify
 x - a scroll of blinking
 A - 2 scrolls of magic mapping
 C - a scroll of poison
 E - a scroll of amnesia
 F - a scroll of torment
 N - a scroll of silence
 S - a scroll of immolation
Potions
 b - 3 potions of magic
 c - a potion of ambrosia
 e - 5 potions of might
 g - 5 potions of curing
 j - 4 potions of flight
 k - a potion of haste
 o - a potion of berserk rage
 p - 3 potions of cancellation
 t - a potion of mutation
 u - 2 potions of heal wounds
 w - 2 potions of degeneration
 z - a potion of invisibility
 G - 2 potions of lignification
 J - 3 potions of brilliance
 M - 2 potions of attraction


   Skills:
 + Level 6.6(7.7) Fighting
 + Level 6.6(8.3) Short Blades
 + Level 6.6(8.3) Long Blades
 + Level 6.6(8.3) Axes
 + Level 6.6(8.3) Maces & Flails
 + Level 6.6(8.3) Polearms
 + Level 6.6(8.3) Staves
 + Level 6.6 Ranged Weapons
 + Level 6.6 Throwing
 + Level 6.6(7.7) Armour
 + Level 9.0(10.2) Dodging
 + Level 7.9(9.1) Stealth
 + Level 6.6(7.7) Shields
 + Level 6.6(8.3) Unarmed Combat
 + Level 8.3(9.5) Spellcasting
 + Level 5.4(6.6) Conjurations
 + Level 5.4(6.6) Hexes
 + Level 9.1(10.2) Summonings
 + Level 5.4(6.6) Necromancy
 + Level 5.4(6.6) Translocations
 + Level 5.4(6.6) Transmutations
 + Level 5.4 Fire Magic
 + Level 5.4 Ice Magic
 + Level 5.4 Air Magic
 + Level 5.4 Earth Magic
 + Level 5.4(6.6) Poison Magic
 + Level 7.2 Invocations
 + Level 6.6 Evocations


You had 14 spell levels left.
You knew the following spells:

 Your Spells              Type           Power      Damage    Failure   Level
a - Summon Small Mammal   Summ           100%       N/A       1%          1
b - Call Imp              Summ           90%        N/A       1%          2
c - Call Canine Familiar  Summ           45%        N/A       1%          3
d - Summon Lightning Spi  Summ/Air       36%        N/A       4%          4
e - Blink                 Tloc           64%        N/A       1%          2
f - Summon Guardian Gole  Hex/Summ       38%        N/A       1%          3

Your spell library contained the following spells:

 Spells                   Type           Power      Damage    Failure   Level
 Shock                    Conj/Air       100%       1d9       1%          1
 Ensorcelled Hibernation  Hex/Ice        60%        N/A       1%          2
 Lesser Beckoning         Tloc           64%        N/A       1%          2
 Momentum Strike          Conj/Tloc      64%        3d9       1%          2
 Passwall                 Tmut/Erth      25%        N/A       1%          2
 Sublimation of Blood     Necr           32%        N/A       1%          2
 Wereblood                Tmut           32%        N/A       1%          2
 Swiftness                Air            28%        N/A       4%          3
 Airstrike                Air            14%        2d(2-18)  14%         4
 Conjure Ball Lightning   Conj/Air       15%        3x3d6     86%         6
 Summon Hydra             Summ           22%        N/A       86%         7
 Spellforged Servitor     Conj/Summ      19%        N/A       98%         7
 Orb of Destruction       Conj           16%        9d7       100%        7
 Discord                  Hex            16%        N/A       100%        8
 Disjunction              Tloc           16%        N/A       100%        8


Dungeon Overview and Level Annotations

Branches:
Dungeon (9/15)             Temple (0/1) D:6           Sewer (visited)
 Bailey (1/1)
   Lair: D:8-11         Orc: D:9-12

Altars:
Ashenzari
Cheibriados
Gozag
Hepliaklqana
Kikubaaqudgha
Makhleb
Nemelex Xobeh
Qazlal
Sif Muna
Trog
Vehumet
Xom

Shops:
D:9 [


Innate Abilities, Weirdness & Mutations

You have very sharp teeth.
Your uncanny sense of smell can sniff out nearby items.
Your experience applies equally to all skills.


Message History

The orc knight hits your cerulean imp with a +0 war axe.
Your cerulean imp hits the orc knight but does no damage.
Your wolf closely misses the orc knight.
Your guardian golem overheats!
You hit the orc knight but do no damage.
The orc knight is almost dead.
Your wolf completely misses the orc knight.
The orc knight misses you.
The orc knight hits your guardian golem with a +0 war axe!
Flame seeps out of your guardian golem.
The orc knight hits your wolf with a +0 war axe!
The orc knight hits your cerulean imp with a +0 war axe.
Flame seeps out of your guardian golem.
Your cerulean imp hits the orc knight but does no damage.
Your guardian golem is engulfed in blazing flames.
Flame seeps out of your guardian golem.
You strike the helpless orc knight from behind!
You hit the orc knight but do no damage.
You drain the orc knight.
The orc knight is almost dead.
Your wolf closely misses the orc knight.
The orc knight hits you but does no damage.
The orc knight misses your wolf.
The orc knight hits your cerulean imp with a +0 war axe.
The orc knight hits your guardian golem with a +0 war axe.
Flame seeps out of your guardian golem. x2
Your cerulean imp hits the orc knight but does no damage.
Your wolf bites the orc knight.
Your guardian golem is engulfed in blazing flames.
Your guardian golem disappears in a puff of smoke!
Your guardian golem explodes!
The fiery explosion engulfs you!!!
* * * LOW HITPOINT WARNING * * *
The fiery explosion engulfs the orc knight!!!
The orc knight dies!
Your base Dodging skill increases to level 9!
An electric eel comes into view.
The electric eel shoots out a bolt of lightning at you!
The bolt of electricity hits you!
You die...

~~ ~ ≈≈≈≈≈≈≈≈≈≈≈≈≈≈≈≈≈ ~
~≈≈≈≈≈≈≈≈≈≈≈≈≈≈≈≈ * ≈≈≈≈
######~~~~~~~~~)~# *
≈≈≈≈≈ #.'..)))...∩.....)
≈≈≈≈≈≈###.)######.######
*
~≈≈≈≈≈≈#..).#.(.#...#.))#
≈≈≈≈≈≈#....#...#...#.))#
*
≈≈≈≈≈≈#'#'##'###8.8###'#
~
≈≈≈≈≈≈~@#..#...#...#...#
≈≈≈≈≈≈~.#..###'#8.8#'###
≈≈≈≈≈§≈~.#..#[..#.))#...#
≈≈≈≈≈≈§§§#..#.[.#.).#...#
≈≈≈≈≈≈§~§#..#'####'####'#
≈S≈≈≈§§§§##'#...........#
≈≈≈≈≈≈5h.#..#....._.....#
≈≈≈≈≈≈≈~.#)8#...........#
*
≈≈≈≈≈≈≈~.#..#...........#


You could see an electric eel (ally target), a friendly wolf (summoned) and a
friendly cerulean imp (summoned).

Vanquished Creatures
  2 two-headed ogres
  A wyvern (D:8)
  Edmund (D:4)
  Duvessa (D:5)
  A nameless horror (D:5)
  A water moccasin (D:7)
  9 orc warriors
  An ice beast (D:5)
  2 ogres (D:5)
  3 centaurs
  A phantom (D:5)
  3 kobold brigands (Sewer)
  3 bullfrogs
  A gnoll sergeant (D:8)
  4 scorpions
  2 howler monkeys (D:8)
  2 electric eels
  2 hounds (D:5)
  A jelly (D:6)
  An orc priest (D:8)
  A sleepcap (D:3)
  4 iguanas
  An orc wizard (D:4)
  9 gnolls
  5 adders
  A river rat (Sewer)
  A shadow imp (D:5)
  3 white imps
  An ufetubus (D:7)
  8 worms
  2 dart slugs (D:2)
  24 orcs
  13 ball pythons
  6 bats
  12 endoplasms
  3 giant cockroaches
  9 goblins
  4 hobgoblins
  7 jackals (D:1)
  3 quokkas
  3 frilled lizards
  13 kobolds
  6 rats
181 creatures vanquished.

Vanquished Creatures (collateral kills)
  Pikel (D:4)
  An orc sorcerer (Bailey)
  Maggie (D:8)
  A kobold demonologist (Bailey)
  2 wyverns (D:8)
  A shadow (D:9)
  3 water moccasins
  An acid dragon (D:6)
  2 black bears
  An ice beast (D:6)
  7 orc warriors
  6 ogres
  A lemure (D:4)
  Blork the orc (D:4)
  A kobold brigand (Sewer)
  2 gnoll sergeants (D:9)
  Dowan (D:5)
  A howler monkey (D:8)
  2 gnoll boudas (D:7)
  A hound (D:4)
  8 orc priests
  3 jellies
  Natasha (thrice) (D:4)
  An iguana (D:5)
  4 orc wizards
  A nameless horror (D:4)
  7 gnolls
  An adder (D:4)
  3 worms (Sewer)
  18 orcs
  4 endoplasms
  A giant cockroach (D:1)
  9 goblins
  4 hobgoblins
  A jackal (D:1)
  2 quokkas
  2 ball pythons (D:2)
  A bat (D:1)
  A frilled lizard (D:1)
  A kobold (D:2)
  4 rats
116 creatures vanquished.

Vanquished Creatures (others)
  An orc knight (Bailey)
1 creature vanquished.

Grand Total: 298 creatures vanquished

Notes
Turn   | Place    | Note
-------+----------+-------------------------------------------
     0 | D:1      | javelincjr the Gnoll Summoner began the quest for the Orb.
     0 | D:1      | Reached XP level 1. HP: 13/13 MP: 6/6
   193 | D:1      | Reached XP level 2. HP: 19/19 MP: 4/7
   469 | D:1      | Reached skill level 5 in Spellcasting
   469 | D:1      | Reached XP level 3. HP: 23/25 MP: 7/9
   660 | D:1      | Found a faded altar of an unknown god.
   793 | D:1      | Reached skill level 1 in Invocations
  1183 | D:2      | Reached skill level 1 in Fighting
  1183 | D:2      | Reached skill level 1 in Short Blades
  1183 | D:2      | Reached skill level 1 in Long Blades
  1183 | D:2      | Reached skill level 1 in Axes
  1183 | D:2      | Reached skill level 1 in Maces & Flails
  1183 | D:2      | Reached skill level 1 in Polearms
  1183 | D:2      | Reached skill level 1 in Staves
  1183 | D:2      | Reached skill level 1 in Ranged Weapons
  1183 | D:2      | Reached skill level 1 in Throwing
  1183 | D:2      | Reached skill level 1 in Armour
  1183 | D:2      | Reached skill level 1 in Shields
  1183 | D:2      | Reached skill level 1 in Unarmed Combat
  1183 | D:2      | Reached skill level 1 in Evocations
  1398 | D:2      | Reached XP level 4. HP: 9/32 MP: 11/11
  1412 | D:2      | Learned a level 2 spell: Call Imp
  1416 | D:2      | Learned a level 3 spell: Call Canine Familiar
  1700 | D:2      | Reached skill level 1 in Conjurations
  1700 | D:2      | Reached skill level 1 in Hexes
  1700 | D:2      | Reached skill level 1 in Necromancy
  1700 | D:2      | Reached skill level 1 in Translocations
  1700 | D:2      | Reached skill level 1 in Transmutations
  1700 | D:2      | Reached skill level 1 in Fire Magic
  1700 | D:2      | Reached skill level 1 in Ice Magic
  1700 | D:2      | Reached skill level 1 in Air Magic
  1700 | D:2      | Reached skill level 1 in Earth Magic
  1700 | D:2      | Reached skill level 1 in Poison Magic
  2002 | D:3      | Reached XP level 5. HP: 11/37 MP: 12/12
  2245 | D:3      | Found a hazy altar of Hepliaklqana.
  2260 | D:3      | Found a shimmering altar of Xom.
  2261 | D:3      | Noticed a spectral ugly thing
  2588 | D:3      | Found an ancient bone altar of Kikubaaqudgha.
  2594 | D:3      | Found a bloodstained altar of Trog.
  2597 | D:3      | Found a radiant altar of Vehumet.
  2598 | D:3      | Found a snail-covered altar of Cheibriados.
  2911 | D:4      | Noticed Edmund
  3004 | D:4      | Noticed an ogre
  3025 | D:4      | Killed an ogre
  3026 | D:4      | Reached skill level 5 in Dodging
  3026 | D:4      | Reached XP level 6. HP: 44/44 MP: 7/14
  3158 | D:4      | Found a glowing drain.
  3162 | Sewer    | Entered a sewer
  3379 | Sewer    | Reached XP level 7. HP: 36/51 MP: 15/15
  3640 | Sewer    | Reached skill level 5 in Stealth
  4137 | D:4      | Noticed Pikel
  4167 | D:4      | Killed Pikel
  4168 | D:4      | Reached XP level 8. HP: 26/58 MP: 14/17
  4374 | D:4      | Learned a level 4 spell: Summon Lightning Spire
  4394 | D:4      | Noticed Natasha
  4404 | D:4      | Killed Natasha
  4437 | D:4      | Noticed Natasha
  4442 | D:4      | Killed Natasha
  4491 | D:4      | Killed Edmund
  4566 | D:4      | Found a broken altar of Ashenzari.
  4574 | D:4      | Became a worshipper of Ashenzari the Shackled
  4598 | D:4      | Noticed Natasha
  4614 | D:4      | Killed Natasha
  4805 | D:4      | Noticed Blork the orc
  4815 | D:4      | Killed Blork the orc
  4882 | D:4      | Reached XP level 9. HP: 59/65 MP: 18/18
  4964 | D:5      | Entered Level 5 of the Dungeon
  5031 | D:5      | Found an opulent altar of Gozag.
  5034 | D:5      | Noticed Duvessa
  5052 | D:5      | Killed Duvessa
  5052 | D:5      | Noticed Dowan
  5056 | D:5      | Killed Dowan
  5651 | D:5      | Learned a level 2 spell: Blink
  5655 | D:5      | Learned a level 3 spell: Summon Guardian Golem
  5679 | D:5      | Reached skill level 5 in Invocations
  5882 | D:5      | Found a burning altar of Makhleb.
  5959 | D:6      | Found a shimmering blue altar of Sif Muna.
  6008 | D:6      | Found a staircase to the Ecumenical Temple.
  6178 | D:6      | Noticed a two-headed ogre
  6184 | D:6      | Killed a two-headed ogre
  6185 | D:6      | Reached skill level 5 in Fighting
  6185 | D:6      | Reached skill level 5 in Short Blades
  6185 | D:6      | Reached skill level 5 in Long Blades
  6185 | D:6      | Reached skill level 5 in Axes
  6185 | D:6      | Reached skill level 5 in Maces & Flails
  6185 | D:6      | Reached skill level 5 in Polearms
  6185 | D:6      | Reached skill level 5 in Staves
  6185 | D:6      | Reached skill level 5 in Ranged Weapons
  6185 | D:6      | Reached skill level 5 in Throwing
  6185 | D:6      | Reached skill level 5 in Armour
  6185 | D:6      | Reached skill level 5 in Shields
  6185 | D:6      | Reached skill level 5 in Unarmed Combat
  6185 | D:6      | Reached skill level 5 in Evocations
  6185 | D:6      | Reached XP level 10. HP: 74/74 MP: 20/20
  6940 | D:6      | Reached * piety under Ashenzari
  6988 | D:6      | Identified the +3 trident "Uhamafat" {drain, rC+ Str+2}
  7553 | D:7      | Found a stormy altar of Qazlal.
  7637 | D:7      | Reached ** piety under Ashenzari
  8003 | D:7      | Identified the +0 barding of Honesty {+Blink rC+ Str+2
                  | Int-5}
  8175 | D:8      | Noticed Maggie
  8183 | D:8      | Killed Maggie
  8372 | D:8      | Noticed a two-headed ogre
  8381 | D:8      | Killed a two-headed ogre
  8438 | D:8      | Reached skill level 5 in Conjurations
  8438 | D:8      | Reached skill level 5 in Hexes
  8438 | D:8      | Reached skill level 5 in Necromancy
  8438 | D:8      | Reached skill level 5 in Translocations
  8438 | D:8      | Reached skill level 5 in Transmutations
  8438 | D:8      | Reached skill level 5 in Fire Magic
  8438 | D:8      | Reached skill level 5 in Ice Magic
  8438 | D:8      | Reached skill level 5 in Air Magic
  8438 | D:8      | Reached skill level 5 in Earth Magic
  8438 | D:8      | Reached skill level 5 in Poison Magic
  8445 | D:8      | Reached XP level 11. HP: 41/81 MP: 20/22
  8653 | D:8      | Found a sparkling altar of Nemelex Xobeh.
  9157 | D:9      | Found Agetriy's Antique Armour Shoppe.
  9363 | D:9      | Found a flagged portal.
  9370 | Bailey   | Entered a bailey
  9831 | Bailey   | Found an iron altar of Okawaru.
  9831 | Bailey   | Noticed an orc sorcerer
  9831 | Bailey   | Paralysed by an orc sorcerer for 5 turns
  9842 | Bailey   | Paralysed by an orc sorcerer for 4 turns
  9846 | Bailey   | Killed an orc sorcerer
  9851 | Bailey   | Identified the +6 plate armour of the Peculiar Xenops
                  | {*Corrode Fly rC+ Str+3}
 10066 | Bailey   | Noticed an orc knight
 10094 | Bailey   | Killed an orc knight
 10097 | Bailey   | Killed from afar by an electric eel

Illustrated notes

Levels and vault maps discovered:
D:1:      minmay_arrival_checkered_box, layout_loops_corners,
          dreamdust_ecumenical_altar_hidden_monk_grotto
D:2:      layout_basic
D:3:      layout_loops_ring, minitemple, regret_index_temple_of_mockery,
          minmay_stone_trees_small
D:4:      layout_basic, kennysheep_little_box, gup_sewer_entry_spiral,
          uniq_natasha, uniq_pikel, uniq_blork_the_orc, uniq_edmund
D:5:      layout_basic, old_standard_altar, lightli_temple_of_fire,
          minmay_fractal_squares_gapless_5, uniq_duvessa
D:6:      layout_loops_corners, lemuel_round_altar, minmay_temple_entry_mist,
          minmay_manual_monolith
D:7:      layout_basic, nicolae_qazlal_style_of_elements,
          nicolae_zen_rock_garden, hangedman_decor_diamond_cutter
D:8:      layout_loops_ring, nemelex_diamond_rough_becter,
          kennysheep_generic_room_15, uniq_maggie
D:9:      nicolae_moon_pools, layout_loops_ring, david_orc_4, enter_bailey_3,
          serial_shops, nicolae_stop_n_shop_2, minmay_misc_feat_cross,
          minivault_19
Bailey:   bailey_axe_of_yendor_kennysheep, bailey

Skill      XL: |  1  2  3  4  5  6  7  8  9 10 11 |
---------------+----------------------------------+-----
Spellcasting   | 5 6 7 8 |  8.3
Invocations    | 1 2 3 4 5 6 7 |  7.2
Fighting       | 1 2 3 5 6 |  6.6
Short Blades   | 1 2 3 5 6 |  6.6
Long Blades    | 1 2 3 5 6 |  6.6
Axes           | 1 2 3 5 6 |  6.6
Maces & Flails | 1 2 3 5 6 |  6.6
Polearms       | 1 2 3 5 6 |  6.6
Staves         | 1 2 3 5 6 |  6.6
Ranged Weapons | 1 2 3 5 6 |  6.6
Throwing       | 1 2 3 5 6 |  6.6
Armour         | 1 2 3 5 6 |  6.6
Shields        | 1 2 3 5 6 |  6.6
Unarmed Combat | 1 2 3 5 6 |  6.6
Evocations     | 1 2 3 5 6 |  6.6
Conjurations   | 1 2 3 4 5 |  5.4
Hexes          | 1 2 3 4 5 |  5.4
Necromancy     | 1 2 3 4 5 |  5.4
Translocations | 1 2 3 4 5 |  5.4
Transmutations | 1 2 3 4 5 |  5.4
Fire Magic     | 1 2 3 4 5 |  5.4
Ice Magic      | 1 2 3 4 5 |  5.4
Air Magic      | 1 2 3 4 5 |  5.4
Earth Magic    | 1 2 3 4 5 |  5.4
Poison Magic   | 1 2 3 4 5 |  5.4
Dodging        | 5 6 7 8 9 |  9.0
Stealth        | 5 6 7 |  7.9
Summonings     | 8 9 |  9.1

Action                     |  1- 3 |  4- 6 |  7- 9 | 10-12 || total
---------------------------+-------+-------+-------+-------++-------
  Melee: Unarmed           |    12 |       |       |       ||    12
         Bite              |    11 |    10 |    57 |    16 ||    94
         War axe           |    28 |       |       |       ||    28
         Short sword       |    83 |   105 |   101 |       ||   289
         Punch             |     2 |     2 |       |       ||     4
         Spear             |       |    19 |       |       ||    19
         Dagger            |       |       |   116 |       ||   116
         Trident           |       |       |    91 |   195 ||   286
   Cast: Summon Small Mamm |    14 |    14 |     2 |     4 ||    34
         Call Imp          |       |    16 |    18 |    22 ||    56
         Call Canine Famil |       |    11 |    19 |    10 ||    40
         Summon Lightning  |       |       |    11 |    27 ||    38
         Summon Guardian G |       |       |     2 |     4 ||     6
         Blink             |       |       |     1 |       ||     1
 Invoke: Curse Item        |       |       |     1 |     3 ||     4
    Use: Scroll            |       |       |       |     4 ||     4
   Stab: Sleeping          |     7 |     7 |     3 |       ||    17
         Distracted        |     1 |     1 |     4 |    10 ||    16
 Armour: Robe              |    26 |    15 |    40 |     7 ||    88
         Acid dragon scale |       |       |       |    30 ||    30
  Dodge: Dodged            |    85 |    74 |   163 |    94 ||   416
